 Dungeon Crawl Stone Soup version 0.29-a0-451-gfbfa42419e (webtiles) character file.

Game seed: 14668222951636805543

6 joe1234567 the Slasher (level 2, 0/24 HPs)
             Began as a Human Berserker on May 19, 2022.
             Was a Follower of Trog.
             Slain by a frilled lizard (2 damage)
             ... on level 1 of the Dungeon.
             The game lasted 00:01:06 (196 turns).

joe1234567 the Slasher (Human Berserker)             Turns: 196, Time: 00:01:06

Health: 0/24       AC:  2    Str: 17    XL:     2   Next: 0%
Magic:  2/2        EV: 11    Int:  7    God:    Trog [*.....]
Gold:   4          SH:  5    Dex: 12    Spells: 1/1 levels left

rFire   . . .      SeeInvis .   a - +0 falchion
rCold   . . .      Faith    .   c - +2 buckler
rNeg    . . .      Spirit   .   b - +0 animal skin
rPois   .          Reflect  .   (no helmet)
rElec   .          Harm     .   (no cloak)
rCorr   .          Rampage  .   (no gloves)
Will    .....                   (no boots)
Stlth   +.........              (no amulet)
HPRegen 0.08/turn               (no ring)
MPRegen 0.08/turn               (no ring)

@: no status effects
A: no striking features
a: Renounce Religion, Berserk


You were on level 1 of the Dungeon.
You worshipped Trog.
Trog was aware of your devotion.
You visited 1 branch of the dungeon, and saw 1 of its levels.

You collected 4 gold pieces.

Inventory:

Hand Weapons
 a - a +0 falchion (weapon)
Armour
 b - a +0 animal skin (worn)
 c - a +2 buckler (worn)
Scrolls
 d - 3 scrolls of teleportation {unknown}
Potions
 e - a potion of curing {unknown}


   Skills:
 + Level 3.1 Fighting
 + Level 3.2 Long Blades
 + Level 2.0 Armour
 + Level 2.0 Dodging


You had one spell level left.
You didn't know any spells.
Your spell library was empty.

Dungeon Overview and Level Annotations

Branches:
Dungeon (1/15)

Altars:


Message History

You miss the frilled lizard.
The frilled lizard bites you but does no damage.
You slash the frilled lizard!
You kill the frilled lizard!
Trog accepts your kill.
A frilled lizard comes into view. x2
The frilled lizard hisses angrily.
You hear an angry hiss.
The frilled lizard bites you.
The frilled lizard bites you but does no damage.
A frilled lizard comes into view. x2
Things that are here:
a +0 dagger; a frilled lizard corpse; a frilled lizard corpse You closely miss the frilled lizard.
A frilled lizard comes into view.
You hit the frilled lizard.
You kill the frilled lizard!
Trog accepts your kill. The frilled lizard barely misses you.
The frilled lizard barely misses you. You block the frilled lizard's attack.
You closely miss the frilled lizard. The frilled lizard bites you.
The frilled lizard misses you.
You slash the frilled lizard!
You kill the frilled lizard!
Trog accepts your kill. The frilled lizard barely misses you.
The frilled lizard bites you. x2
You have reached level 2!
The frilled lizard bites you.
* * * LOW HITPOINT WARNING * * *
You miss the frilled lizard. The frilled lizard bites you.
* * * LOW HITPOINT WARNING * * *
The frilled lizard misses you.
You closely miss the frilled lizard. The frilled lizard bites you.
* * * LOW HITPOINT WARNING * * *
The frilled lizard barely misses you.
You miss the frilled lizard. You block the frilled lizard's attack.
The frilled lizard barely misses you.
You closely miss the frilled lizard.
The frilled lizard bites you but does no damage. x2
The frilled lizard bites you.
You die...

# ###. ..>
##..
##...####
#......l####
#......lll@#
#......l##l#
##.....###.#
##...## #.#
#### #.# #.#
#.# #.# #.#


You could see 6 frilled lizards.

Vanquished Creatures
  A bat (D:1)
  A goblin (D:1)
  5 frilled lizards (D:1)
7 creatures vanquished.

Vanquished Creatures (others)
  6 plants (D:1)
6 creatures vanquished.

Grand Total: 13 creatures vanquished

Notes
Turn   | Place    | Note
-------+----------+-------------------------------------------
     0 | D:1      | joe1234567 the Human Berserker began the quest for the Orb.
     0 | D:1      | Reached XP level 1. HP: 18/18 MP: 1/1
   192 | D:1      | Reached XP level 2. HP: 8/24 MP: 2/2
   196 | D:1      | Slain by a frilled lizard

Illustrated notes

Levels and vault maps discovered:
D:1:      nicolae_arrival_somewhat_less_tricky_arrival, layout_loops_ring,
          minmay_lizard_king

Action                   || total
-------------------------++-------
Melee: Falchion          ||    22
Armor: Animal skin       ||     6
Dodge: Dodged            ||    14
Block: Buckler           ||     7

Table legend: (Time is in decaauts)
 A = Elapsed time spent in this place.
 B = Non-inter-level travel time spent in this place.
 C = Inter-level travel time spent in this place.
 D = Time resting spent in this place.
 E = Time spent auto-exploring this place.
 F = Levels seen in this place.
 G = Mean time per level.
                   A        B        C        D        E       F      G
               +--------+--------+--------+--------+--------+-----+--------+
         Total |    199 |    199 |      0 |      0 |      0 |   1 |  199.0 |
       Dungeon |    199 |    199 |      0 |      0 |      0 |   1 |  199.0 |
               +--------+--------+--------+--------+--------+-----+--------+

Top non-repeatable levels by time:
     D:1: 199 daAuts
